 Dungeon Crawl Stone Soup version 0.19.0-2-gae57169 (webtiles) character file.

196938 dracos369 the Unseen (level 18, -7/101 HPs)
             Began as a Vine Stalker Artificer on Nov 4, 2016.
             Was an Elder of Uskayaw.
             Shot with an arrow by a naga sharpshooter (17 damage)
             ... on level 4 of the Snake Pit on Nov 5, 2016.
             The game lasted 03:54:42 (29241 turns).

dracos369 the Unseen (Vine Stalker Artificer)      Turns: 29241, Time: 03:54:42

Health: -7/101     AC: 22    Str: 23    XL:     18   Next: 39%
Magic:  0/29       EV: 14    Int: 11    God:    Uskayaw [****..]
Gold:   2222       SH: 14    Dex: 19    Spells: 8 memorised, 12 levels left

rFire  . . .     SeeInvis +     s - +7 rapier "Xacog" {vamp, rElec MR+}
rCold  . . .     Gourm    .     h - +5 steam dragon scales
rNeg   . . .     Faith    +     e - +0 shield
rPois  .         Spirit   +     U - +2 hat
rElec  +         Reflect  .     Z - +0 cloak
rCorr  .         Harm     .     p - +3 pair of gauntlets of War {Slay+5}
MR     ++++.                    A - +1 pair of boots {Fly}
Stlth  ++++++....               v - amulet of faith
                                y - ring of protection from magic
                                N - +4 ring of strength

@: lethally poisoned (-7 -> -8), flying, constricted
A: fangs 3, horns 1, talons 1, molten scales 1, see invisible, regeneration 2,
robust 1, magic shield, antimagic bite, no device heal 3, rot immunity
a: Stomp, Line Pass, Renounce Religion, Stop Flying
}: 1/15 runes: barnacled


You were on level 4 of the Snake Pit.
You worshipped Uskayaw.
Uskayaw was aware of your devotion.
You were very hungry.

You visited 6 branches of the dungeon, and saw 30 of its levels.
You also visited: Labyrinth, Ice Cave and Volcano.

You collected 3227 gold pieces.
You spent 1005 gold pieces at shops.

Inventory:

Hand Weapons
 m - a +6 short sword of draining
 s - the +7 rapier "Xacog" (weapon) {vamp, rElec MR+}
   (You acquired it on level 2 of the Snake Pit)

   It inflicts no extra harm, but heals its wielder when it wounds a living foe.
   It insulates you from electricity.
   It affects your resistance to hostile enchantments.
Missiles
 Y - 6 throwing nets (quivered)
Armour
 e - a +0 shield (worn)
 h - +5 steam dragon scales (worn)
 p - the +3 pair of gauntlets of War (worn) {Slay+5}
   (You found it in an ice cave)

   It affects your accuracy and damage with ranged weapons and melee attacks
   (+5).
 A - a +1 pair of boots of flying (worn)
 D - the +2 leather armour of the Everdark {+Inv rElec Dex+3 Stlth-}
   (You found it on level 2 of the Snake Pit)

   It affects your dexterity (+3).
   It insulates you from electricity.
   It lets you turn invisible.
   It makes you less stealthy.
 H - the +1 ring mail "Xiafi Yxe" {Str+2 Stlth+, unknown}
   (You found it on level 4 of the Snake Pit)

   It affects your strength (+2).
   It makes you more stealthy.
 U - a +2 hat (worn)
 Z - a +0 cloak (worn)
Jewellery
 o - an uncursed ring of protection from cold
 t - an uncursed ring of positive energy
 v - an amulet of faith (around neck)
 y - a ring of protection from magic (right hand)
 N - a +4 ring of strength (left hand)
 P - an uncursed ring of resist corrosion
Wands
 c - a wand of acid (5/15)
 d - a wand of enslavement (15/24)
 l - a wand of paralysis (9/24)
 q - a wand of lightning (8/15)
 u - a wand of disintegration (15/24)
 F - a wand of acid (7/15)
 T - a wand of teleportation (3/9)
 V - a wand of hasting (5/9)
Scrolls
 a - 2 scrolls of fog
 k - 3 scrolls of recharging
 w - 2 scrolls of blinking
 x - 12 scrolls of remove curse
 B - 5 scrolls of teleportation
 E - a scroll of fear
 K - a scroll of silence
 R - 2 scrolls of magic mapping
 W - a scroll of summoning
Potions
 b - 3 potions of curing
 g - 3 potions of ambrosia
 j - a potion of berserk rage
 n - 5 potions of brilliance
 r - 2 potions of resistance
 z - 2 potions of agility
 J - a potion of invisibility
 S - a potion of cancellation
 X - 3 potions of might
Miscellaneous
 G - a lamp of fire
 I - a disc of storms
 O - a fan of gales
Comestibles
 f - 30 bread rations
 i - 17 fruits
 C - 10 chunks of flesh
 L - 10 royal jellies
 Q - 2 meat rations


   Skills:
 - Level 9.0 Fighting
 * Level 14.0 Short Blades
 - Level 5.0 Armour
 - Level 7.0 Dodging
 - Level 15.0 Stealth
 + Level 14.6 Shields
 - Level 7.0 Spellcasting
 - Level 5.0 Charms
 - Level 4.0 Summonings
 - Level 5.0 Necromancy
 + Level 6.7 Translocations
 - Level 1.0 Air Magic
 - Level 10.0 Invocations
 - Level 4.0 Evocations


You had 12 spell levels left.
You knew the following spells:

 Your Spells              Type           Power        Failure   Level  Hunger
a - Animate Skeleton      Necr           N/A          2%          1    None
c - Recall                Summ/Tloc      N/A          8%          3    ###....
d - Vampiric Draining     Necr           ##........   10%         3    ###....
f - Regeneration          Chrm/Necr      ##........   10%         3    ###....
p - Passage of Golubria   Tloc           N/A          12%         4    ####...
s - Swiftness             Chrm/Air       ##......     10%         2    ##.....
A - Apportation           Tloc           ###.......   1%          1    None
P - Passwall              Tmut/Erth      #.........   30%         2    ##.....


Dungeon Overview and Level Annotations

Branches:
Dungeon (13/15)            Temple (1/1) D:7            Lair (6/6) D:8
 Shoals (4/4) Lair:3        Snake (4/4) Lair:2        Slime (0/5) Lair:5
    Orc (2/2) D:11            Elf (0/3) Orc:2        Vaults (0/5) D:13

Altars:
Ashenzari
Cheibriados
Dithmenos
Elyvilon
Fedhas
Gozag
Hepliaklqana
Kikubaaqudgha
Makhleb
Nemelex Xobeh
Okawaru
Qazlal
Ru
Sif Muna
Trog
Uskayaw
Vehumet
Xom
Yredelemnul
Zin
The Shining One
Jiyva

Shops:
Orc:2 ([(%*:

Portals:
Trove: D:13 (show abyssal rune of Zot)


Innate Abilities, Weirdness & Mutations

You have razor-sharp teeth.
You heal very quickly.
When hurt, damage is shared between your health and your magic reserves.
Your bite disrupts and absorbs the magic of your enemies.
Potions and wands cannot restore your health.
You are immune to rotting.
You have a pair of small horns on your head.
You have sharp toenails.
You are partially covered in molten scales. (AC +2)
You have supernaturally acute eyesight. (SInv)
You are robust. (+10% HP)


Message History

Uskayaw will force your foes to share their pain.
Okay, then.
Okay, then.
Your system rejects the healing.
You feel better. You block the anaconda's attack.
The nagaraja spits poison at you. The splash of poison hits you!
You are poisoned.
* * * LOW HITPOINT WARNING * * *
The nagaraja constricts you. The mana viper bites you.
* * * LOW HITPOINT WARNING * * *
You feel your power leaking away.
The nagaraja hits you but does no damage.
The nagaraja casts a spell.
The nagaraja seems to speed up.
You block the anaconda's attack.
The guardian serpent closely misses you.
The naga sharpshooter casts a spell.
The naga sharpshooter magically shoots an arrow.
The arrow hits you!!
You die...

...S...N..S...# #).#ZZ#%Z...'...#
.......NS.....# #(.#Z)%##...#####
.......SS..N).###.[#...##...##...
8.8.8.8N)..#..)##(.#...%#...##'##
.....SS(SN##.N)#().#...........##
.⌠....NNN.##..SNN).##..##..[...#.
.....⌠...####.NNSN#######......#8
.......###


##SSNS# ###....#. .....## ##N@## #....## ##### ###S############'##
##)...........##. #)############.. ######'#........##... #..........######..8.
#...)......# ##..... #..........# ##...... #..........###.....#. You could see a
naga warrior, 3 nagarajas, 2 naga sharpshooters, an anaconda, a mana viper, 3
guardian serpents, a black mamba and 3 nagas.

Vanquished Creatures
  Vashnia (Snake:4)
  An Ice Fiend (IceCv)
  Agnes (Snake:4)
  A kraken (Shoals:4)
  Kirke (Shoals:4)
  Ilsuiw (Shoals:4)
  2 nagarajas
  An orc warlord (Orc:2)
  A stone giant (Orc:1)
  Azrael (Snake:1)
  Snorg (Lair:3)
  A minotaur (Lab)
  4 merfolk javelineers (Shoals:4)
  5 merfolk impalers
  Josephine (Snake:1)
  A rakshasa (D:13)
  5 hydras
  14 anacondas
  18 naga warriors
  A merfolk avatar (Shoals:3)
  An ogre mage (Volcano)
  The ghost of bananaglory the Nimble, a journeyman TeAs of Cheibriados (D:9)
  3 alligator snapping turtles
  A tengu warrior (D:13)
  11 naga sharpshooters
  4 shock serpents
  An orc high priest (Orc:2)
  A hell knight (Volcano)
  Nergalle (Lair:1)
  A deep troll (D:13)
  2 unseen horrors (D:13)
  10 naga ritualists
  8 sea snakes
  5 hill giants
  4 orc knights (Orc:2)
  5 harpies (Shoals:4)
  A faun (Shoals:1)
  7 mana vipers
  An oklob plant (Lair:6)
  19 manticores
  A wolf spider (D:13)
  6 cyclopes
  6 salamanders
  5 orc sorcerers (Orc:2)
  8 sirens
  7 water nymphs
  5 guardian serpents
  Joseph (D:9)
  13 elephants
  A gargoyle (Volcano)
  14 naga magi
  A molten gargoyle (Volcano)
  33 black mambas
  9 spiny frogs
  A torpor snail (Lair:6)
  2 ice statues
  A yaktaur (shapeshifter) (D:13)
  A tengu conjurer (D:13)
  An efreet (D:13)
  3 anaconda simulacra (IceCv)
  A rime drake (Lair:5)
  9 komodo dragons
  4 freezing wraiths
  A golden dragon simulacrum (IceCv)
  10 trolls
  6 ice devils (IceCv)
  24 merfolk
  4 polar bears (Lair:6)
  11 blink frogs
  5 wind drakes
  A slime creature (D:13)
  5 hornets (Lair:6)
  5 two-headed ogres
  A queen bee (D:10)
  8 hippogriffs
  4 snapping turtles
  7 dream sheep
  4 water elementals
  4 wraiths (Snake:1)
  14 spriggans
  2 wyverns (D:13)
  3 fire elementals (Snake:1)
  4 dire elephant simulacra (IceCv)
  3 hogs (Shoals:4)
  2 humans (Shoals:4)
  The ghost of mopl the Cleaver, an amateur HOBe of Trog (D:4)
  2 fire bats (Volcano)
  2 basilisks
  A steam dragon (D:8)
  34 yaks
  7 harpy simulacra (IceCv)
  3 hungry ghosts
  2 wargs
  38 nagas
  2 hydra simulacra (IceCv)
  16 water moccasins
  An iron troll simulacrum (IceCv)
  9 porcupines
  3 hell hounds (Snake:1)
  28 orc warriors
  7 black bears
  3 ice beasts
  An ettin simulacrum (IceCv)
  2 phantoms
  10 ogres
  6 centaurs
  2 boggarts (Lair:6)
  19 wolves
  An eye of draining (D:8)
  A crocodile (Lair:6)
  2 big kobolds
  18 bullfrogs
  3 scorpions
  A swamp dragon simulacrum (IceCv)
  33 killer bees
  7 wights
  2 howler monkeys
  8 jellies
  6 crimson imps
  A bullfrog zombie (D:12)
  5 lava snakes (Volcano)
  A draconian simulacrum (IceCv)
  5 quasits
  3 bullfrog skeletons
  6 hounds
  11 orc priests
  20 orc wizards
  7 hell rats (Lair:3)
  5 iguanas
  3 troll simulacra (IceCv)
  7 worker ants
  2 polar bear simulacra (IceCv)
  4 spriggan simulacra (IceCv)
  A centaur simulacrum (IceCv)
  A hound zombie (D:8)
  A hound skeleton (D:8)
  3 worker ant zombies
  4 gnolls (D:8)
  A howler monkey skeleton (D:11)
  2 naga simulacra (IceCv)
  18 adders
  2 ogre simulacra (IceCv)
  4 shadow imps
  8 white imps (IceCv)
  5 ufetubi (IceCv)
  3 adder skeletons
  3 adder zombies (D:7)
  2 dart slugs (D:2)
  6 leopard geckos
  62 orcs
  A giant cockroach (D:1)
  8 hobgoblins
  4 jackals (D:4)
  5 quokkas
  6 bats
  6 frilled lizards (D:2)
  4 goblins
  14 kobolds
  4 rats
  A fungus (D:8)
  2 tentacles (Shoals:4)
952 creatures vanquished.

Vanquished Creatures (collateral kills)
  A merfolk javelineer (Shoals:4)
  2 merfolk impalers (Shoals:4)
  A naga warrior (Snake:4)
  2 merfolk aquamancers (Shoals:4)
  A satyr (Shoals:4)
  A kraken simulacrum (Shoals:4)
  2 manticores
  3 harpies (Shoals:4)
  2 guardian serpents (Snake:4)
  3 black mambas
  4 merfolk
  A wraith (Snake:1)
  2 hungry ghosts (D:11)
  A mottled dragon (D:11)
  4 nagas
  A wyvern zombie (D:11)
  A crimson imp (D:9)
  A plant (Shoals:3)
33 creatures vanquished.

Vanquished Creatures (others)
  An orc warrior (Orc:2)
  4 fungi
  A plant (Lair:2)
  11 tentacles
17 creatures vanquished.

Grand Total: 1002 creatures vanquished

Notes
Turn   | Place    | Note
-------+----------+-------------------------------------------
     0 | D:1      | dracos369 the Vine Stalker Artificer began the quest for the Orb.
     0 | D:1      | Reached XP level 1. HP: 9/9 MP: 3/3
    35 | D:1      | Reached skill level 1 in Short Blades
   245 | D:1      | Reached XP level 2. HP: 14/14 MP: 5/5
   897 | D:2      | Reached XP level 3. HP: 17/17 MP: 6/6
  1042 | D:2      | Found an opulent altar of Gozag.
  1251 | D:2      | Found an opulent altar of Gozag.
  1251 | D:2      | Found a shimmering altar of Xom.
  1485 | D:3      | Gained mutation: Your natural rate of healing is unusually fast. [Vine Stalker growth]
  1485 | D:3      | Reached XP level 4. HP: 5/21 MP: 7/7
  1707 | D:3      | Found a faded altar of an unknown god.
  1759 | D:3      | Became a worshipper of Uskayaw the Reveler
  1759 | D:3      | Reached * piety under Uskayaw
  1872 | D:3      | Reached XP level 5. HP: 25/25 MP: 9/9
  2182 | D:4      | Reached ** piety under Uskayaw
  2183 | D:4      | Reached skill level 1 in Invocations
  2646 | D:4      | Noticed mopl's ghost (amateur HOBe)
  2778 | D:5      | Entered Level 5 of the Dungeon
  2918 | D:5      | Noticed an ice beast
  3167 | D:4      | Gained mutation: You are partially covered in molten scales. (AC +2) [potion of mutation]
  3167 | D:4      | Gained mutation: You have sharp toenails. [potion of mutation]
  3167 | D:4      | Gained mutation: You have supernaturally acute eyesight. (SInv) [potion of mutation]
  3168 | D:4      | Gained mutation: You have a pair of small horns on your head. [potion of beneficial mutation]
  3243 | D:4      | Reached *** piety under Uskayaw
  3244 | D:4      | Killed mopl's ghost
  3244 | D:4      | Reached XP level 6. HP: 24/29 MP: 7/10
  3270 | D:5      | Reached skill level 2 in Stealth
  3270 | D:5      | Reached XP level 7. HP: 32/32 MP: 11/11
  3316 | D:5      | Reached skill level 5 in Short Blades
  3459 | D:5      | Reached skill level 3 in Stealth
  3787 | D:5      | Found a sparkling altar of Nemelex Xobeh.
  3929 | D:6      | Reached skill level 4 in Stealth
  3966 | D:6      | Found a basalt altar of Yredelemnul.
  3988 | D:6      | Reached **** piety under Uskayaw
  3995 | D:6      | Reached skill level 5 in Stealth
  3995 | D:6      | Gained mutation: You have razor-sharp teeth. [Vine Stalker growth]
  3995 | D:6      | Reached XP level 8. HP: 35/37 MP: 12/12
  3995 | D:6      | Reached ***** piety under Uskayaw
  4154 | D:6      | Reached skill level 6 in Stealth
  4506 | D:6      | Found a shadowy altar of Dithmenos.
  4753 | D:6      | Found a glowing golden altar of the Shining One.
  4761 | D:6      | Noticed an angel
  4769 | D:6      | Noticed a profane servitor
  5109 | D:7      | Found a white marble altar of Elyvilon.
  5319 | D:7      | Found a staircase to the Ecumenical Temple.
  5328 | Temple   | Entered the Ecumenical Temple
  5659 | D:7      | Reached XP level 9. HP: 40/40 MP: 11/13
  6143 | D:8      | Found a sacrificial altar of Ru.
  6274 | D:8      | Reached skill level 10 in Short Blades
  6364 | D:8      | Found a staircase to the Lair.
  6999 | D:9      | Found a radiant altar of Vehumet.
  7003 | D:9      | Reached skill level 1 in Fighting
  7020 | D:9      | Reached XP level 10. HP: 45/45 MP: 14/14
  7045 | D:9      | Noticed bananaglory's ghost (journeyman TeAs)
  7077 | D:9      | Killed bananaglory's ghost
  7077 | D:9      | Reached skill level 1 in Armour
  7126 | D:9      | Noticed Joseph
  7141 | D:9      | Killed Joseph
  7786 | D:10     | Entered Level 10 of the Dungeon
  7786 | D:10     | Noticed a hill giant
  7798 | D:10     | Killed a hill giant
  7860 | D:10     | Reached XP level 11. HP: 52/52 MP: 15/15
  7978 | D:10     | Noticed a hill giant
  7980 | D:10     | Killed a hill giant
  8098 | D:10     | Reached ****** piety under Uskayaw
  8174 | D:10     | Reached skill level 7 in Stealth
  8570 | Lair:1   | Entered Level 1 of the Lair of Beasts
  8710 | Lair:1   | Noticed Nergalle
  8721 | Lair:1   | Killed Nergalle
  8721 | Lair:1   | Reached skill level 1 in Shields
  8911 | Lair:1   | Noticed a five-headed hydra
  8919 | Lair:1   | Killed a five-headed hydra
  8965 | Lair:1   | Found a dark tunnel.
  8970 | Volcano  | Entered a volcano
  9053 | Volcano  | Reached skill level 5 in Dodging
  9407 | Volcano  | Found a radiant altar of Vehumet.
  9407 | Volcano  | Noticed an ogre mage
  9412 | Volcano  | Killed an ogre mage
  9412 | Volcano  | Reached skill level 5 in Fighting
  9415 | Volcano  | Gained mutation: You heal very quickly. [Vine Stalker growth]
  9415 | Volcano  | Reached XP level 12. HP: 60/60 MP: 16/16
  9436 | Volcano  | Noticed a hell knight
  9438 | Volcano  | Killed a hell knight
  9438 | Volcano  | Reached skill level 8 in Stealth
  9607 | Volcano  | Reached skill level 5 in Armour
 10364 | Lair:2   | Reached skill level 5 in Shields
 10439 | Lair:2   | Found a staircase to the Snake Pit.
 10576 | Lair:2   | Reached skill level 9 in Stealth
 11200 | Lair:3   | Found a staircase to the Shoals.
 11217 | Lair:3   | Reached XP level 13. HP: 60/66 MP: 15/17
 11249 | Lair:3   | Reached skill level 10 in Stealth
 11299 | Lair:3   | Noticed Snorg
 11312 | Lair:3   | Killed Snorg
 12367 | Lair:5   | Found a frozen archway.
 12425 | Lair:6   | Entered Level 6 of the Lair of Beasts
 12675 | Lair:5   | Reached skill level 11 in Stealth
 12843 | Lair:5   | Found a runed door.
 12844 | Lair:5   | Found a viscous altar of Jiyva.
 12846 | Lair:5   | Found a staircase to the Slime Pits.
 13359 | Lair:6   | Found an opulent altar of Gozag.
 13545 | Lair:6   | Reached skill level 10 in Shields
 13666 | Lair:6   | Reached XP level 14. HP: 67/73 MP: 15/18
 13968 | Lair:6   | Reached skill level 12 in Stealth
 13981 | Lair:6   | Paralysed by a hornet for 1 turns
 14099 | Lair:6   | Identified Seto Ocs's Papyrus of Black Rites
 14105 | Lair:6   | Learned a level 1 spell: Animate Skeleton
 14611 | Lair:2   | Reached skill level 1 in Spellcasting
 14932 | D:11     | Reached skill level 1 in Necromancy
 15141 | D:11     | Found a staircase to the Orcish Mines.
 16086 | D:13     | Found a viscous altar of Jiyva.
 16463 | D:13     | Found a portal to a secret trove of treasure.
 16910 | D:13     | Found a gate to the Vaults.
 17592 | Orc:1    | Entered Level 1 of the Orcish Mines
 17693 | Orc:2    | Entered Level 2 of the Orcish Mines
 17709 | Orc:2    | Found Soetad's Antique Weapon Boutique.
 17730 | Orc:2    | Found Receahol's Weapon Shop.
 17740 | Orc:2    | Found Ziusi's General Store.
 17741 | Orc:2    | Noticed an orc warlord
 17806 | Orc:2    | Found Ywnipa's Antique Armour Emporium.
 17851 | Orc:2    | Found a labyrinth entrance.
 17858 | Lab      | Entered a labyrinth
 19221 | Lab      | Reached skill level 13 in Stealth
 19224 | Lab      | Got a brightly glowing chain mail
 19237 | Lab      | Identified the +5 chain mail of Death's Door {rPois rN+ Str+3} (You found it in a labyrinth)
 19287 | Lab      | Identified the cursed +1 great mace of Proximity {crush, rF+ SInv} (You found it in a labyrinth)
 19310 | Orc:2    | Found Timarusch's Food Emporium.
 19330 | Orc:2    | Found a staircase to the Elven Halls.
 19331 | Orc:2    | Found Ciesug's Book Shoppe.
 19351 | Orc:2    | Reached XP level 15. HP: 61/79 MP: 13/22
 19442 | Orc:2    | Learned a level 3 spell: Regeneration
 19446 | Orc:2    | Learned a level 3 spell: Vampiric Draining
 19467 | Orc:2    | Killed an orc warlord
 19519 | Orc:2    | Paralysed by an orc sorcerer for 3 turns
 19530 | Orc:2    | Reached skill level 5 in Spellcasting
 19543 | Orc:2    | Bought a potion of curing for 45 gold pieces
 19543 | Orc:2    | Bought a potion of agility for 60 gold pieces
 19643 | Orc:2    | Reached skill level 1 in Charms
 20418 | Snake:1  | Entered Level 1 of the Snake Pit
 20423 | Snake:1  | Noticed Azrael
 20455 | Snake:1  | Killed Azrael
 20615 | Snake:1  | Noticed Josephine
 20624 | Snake:1  | Killed Josephine
 20885 | Snake:1  | Gained mutation: You are robust. (+10% HP) [mutagenic meat]
 21447 | Snake:1  | Reached skill level 14 in Stealth
 21728 | Orc:2    | Bought a book of Burglary for 900 gold pieces
 21731 | Orc:2    | Learned a level 2 spell: Swiftness
 21734 | Orc:2    | Learned a level 2 spell: Passwall
 21739 | Orc:2    | Learned a level 4 spell: Passage of Golubria
 21929 | Shoals:1 | Entered Level 1 of the Shoals
 22280 | Shoals:1 | Reached skill level 1 in Translocations
 22719 | Shoals:2 | Reached XP level 16. HP: 92/92 MP: 26/26
 22819 | Shoals:2 | Reached skill level 5 in Necromancy
 22841 | Shoals:2 | Identified a scroll of acquirement
 22842 | Shoals:2 | Got an iridescent triple crossbow
 23013 | Shoals:3 | Reached skill level 5 in Invocations
 23025 | Shoals:3 | Reached skill level 1 in Air Magic
 23027 | Shoals:3 | Found a frozen archway.
 23056 | IceCv    | Entered an ice cave
 23525 | IceCv    | Noticed an Ice Fiend
 23560 | IceCv    | Killed an Ice Fiend
 23560 | IceCv    | Reached skill level 5 in Charms
 23585 | IceCv    | Identified the Almanac of Enchantment
 23950 | Shoals:3 | Noticed a kraken
 24067 | Lair:1   | Learned a level 1 spell: Apportation
 24071 | Lair:1   | Learned a level 3 spell: Recall
 24209 | Shoals:3 | Reached skill level 15 in Stealth
 25033 | Shoals:4 | Entered Level 4 of the Shoals
 25033 | Shoals:4 | Noticed Kirke
 25042 | Shoals:4 | Killed Kirke
 25234 | Shoals:4 | Reached skill level 1 in Summonings
 25561 | Shoals:4 | Noticed Ilsuiw
 25572 | Shoals:4 | Killed Ilsuiw
 25575 | Shoals:4 | Reached XP level 17. HP: 76/95 MP: 28/28
 25702 | Shoals:4 | Got a barnacled rune of Zot
 25743 | Shoals:4 | Noticed a kraken
 25765 | Shoals:4 | Killed a kraken
 26682 | Snake:2  | Got a crystal rapier
 26829 | Lair:1   | Identified the +7 rapier "Xacog" {vamp, rElec MR+} (You acquired it on level 2 of the Snake Pit)
 26941 | Snake:2  | Got a heavily runed leather armour
 27600 | Snake:2  | Reached skill level 10 in Invocations
 27984 | Snake:3  | Identified the +2 leather armour of the Everdark {+Inv rElec Dex+3 Stlth-} (You found it on level 2 of the Snake Pit)
 28091 | Snake:3  | Reached skill level 5 in Translocations
 28341 | Snake:4  | Entered Level 4 of the Snake Pit
 28533 | Snake:4  | Noticed Vashnia
 28544 | Snake:4  | Killed Vashnia
 28549 | Snake:4  | Reached XP level 18. HP: 101/101 MP: 23/29
 28562 | Snake:4  | Got a pitted ring mail
 28842 | Snake:4  | Noticed Agnes
 28855 | Snake:4  | Killed Agnes
 29241 | Snake:4  | Shot with an arrow by a naga sharpshooter

Skill      XL: |  1  2  3  4  5  6  7  8  9 10 11 12 13 14 15 16 17 18 |
---------------+-------------------------------------------------------+-----
Short Blades   | 1 2 4 6 8 11 12 13 14 | 14.0
Evocations     | 3 4 |  4.0
Invocations    | 2 3 4 8 10 | 10.0
Stealth        | 2 5 6 7 9 11 13 14 15 | 15.0
Fighting       | 1 3 5 6 8 9 |  9.0
Armour         | 3 4 5 |  5.0
Dodging        | 3 5 6 7 |  7.0
Shields        | 3 7 10 12 13 14 | 14.6
Spellcasting   | 4 6 7 |  7.0
Necromancy     | 1 4 5 |  5.0
Charms         | 4 5 |  5.0
Translocations | 1 3 5 6 |  6.7
Air Magic      | 1 |  1.0
Summonings     | 2 4 |  4.0

Action                   |  1- 3 |  4- 6 |  7- 9 | 10-12 | 13-15 | 16-18 || total
-------------------------+-------+-------+-------+-------+-------+-------++-------
Melee: Short sword       |    90 |   120 |   280 |   559 |  1165 |   459 ||  2673
       Bite              |    23 |    36 |    72 |   193 |   449 |   309 ||  1082
       Headbutt          |       |     6 |    51 |   120 |   279 |   227 ||   683
       Kick              |       |     6 |    85 |   215 |   236 |       ||   542
       Rapier            |       |       |       |       |       |   277 ||   277
Throw: Javelin           |       |       |     1 |     5 |       |       ||     6
 Cast: Animate Skeleton  |       |       |       |       |    33 |    86 ||   119
       Recall            |       |       |       |       |       |     4 ||     4
Invok: Stomp             |       |       |     2 |     2 |     2 |     1 ||     7
       Line Pass         |       |       |     1 |       |     1 |     3 ||     5
       Grand Finale      |       |       |       |     1 |     2 |     3 ||     6
 Abil: Stop Flying       |       |       |       |       |       |     1 ||     1
       Evoke Flight      |       |       |       |       |       |     1 ||     1
Evoke: Wand              |    12 |    12 |    11 |    15 |    35 |    29 ||   114
       Lamp of fire      |       |       |       |       |     2 |     2 ||     4
  Use: Potion            |     4 |     3 |       |     4 |     2 |     7 ||    20
       Scroll            |       |     9 |     9 |    10 |    21 |    11 ||    60
 Stab: Sleeping          |     2 |       |     9 |    15 |    40 |    40 ||   106
       Paralysed         |       |     1 |    14 |    40 |    87 |    66 ||   208
       Confused          |       |       |     1 |       |       |     1 ||     2
       Invisible         |       |       |       |     1 |       |       ||     1
       Distracted        |       |       |       |       |     6 |    16 ||    22
  Eat: Chunk             |     2 |     3 |     8 |    12 |    26 |    16 ||    67
       Meat ration       |       |     1 |       |     1 |     1 |       ||     3
       Royal jelly       |       |       |     1 |       |     1 |     5 ||     7
       Beef jerky        |       |       |       |       |     2 |     1 ||     3
       Pizza             |       |       |       |       |     4 |       ||     4
Armor: Leather armour    |    13 |       |       |       |       |       ||    13
       Chain mail        |    40 |     8 |       |       |       |       ||    48
       Scale mail        |       |    57 |    87 |   118 |   144 |       ||   406
       Ring mail         |       |       |    25 |    60 |       |       ||    85
       Steam dragon scal |       |       |       |       |    59 |   170 ||   229
Dodge: Dodged            |    24 |    35 |   119 |   196 |   324 |   316 ||  1014
Block: Shield            |       |       |       |    96 |   434 |   409 ||   939
       Buckler           |       |       |       |       |    36 |       ||    36
